 Dungeon Crawl Stone Soup version 0.29-a0-334-gb41bcbb86e (webtiles) character file.

Game seed: 2060440518922949780

3510 sokol815 the Carver (level 10, -7/70 HPs)
             Began as a Human Fighter on Apr 14, 2022.
             Was an Initiate of Gozag.
             Killed from afar by Maurice (37 damage)
             ... with a bolt of acid
             ... on level 8 of the Dungeon.
             The game lasted 00:20:22 (10600 turns).

sokol815 the Carver (Human Fighter)                Turns: 10600, Time: 00:20:23

Health: -7/70      AC:  2    Str: 17    XL:     10   Next: 28%
Magic:  10/10      EV:  9    Int: 18    God:    Gozag
Gold:   880        SH:  6    Dex: 13    Spells: 9/9 levels left

rFire   . . .      SeeInvis +   a - +4 scimitar (flame)
rCold   . . .      Faith    .   c - +0 buckler
rNeg    + . .      Spirit   .   z - +0 scale mail
rPois   .          Reflect  .   n - +0 helmet
rElec   .          Harm     .   (no cloak)
rCorr   .          Rampage  .   (no gloves)
Will    .....                   j - +1 pair of boots
Stlth   ..........              (no amulet)
HPRegen 0.21/turn               I - +6 ring of intelligence
MPRegen 0.12/turn               p - ring "Muxko" {rN+ SInv}

@: corroded, hasted, very quick
A: no striking features
a: Renounce Religion, Potion Petition, Call Merchant, Bribe Branch


You were on level 8 of the Dungeon.
You worshipped Gozag.
Gozag was pleased with you.
You visited 2 branches of the dungeon, and saw 9 of its levels.
You also visited: Ossuary.

You collected 945 gold pieces.
You paid 65 gold pieces to Gozag.

Inventory:

Hand Weapons
 a - a +4 scimitar of flaming (weapon)
   (You took it off a wight on level 6 of the Dungeon)
 b - a +1 long sword of electrocution
 i - a +0 trident
   (You took it off an orc on level 4 of the Dungeon)
 o - the +4 short sword "Obiw" {vorpal, MP-9 Int+7 Dex+3 SInv}
   (You found it on level 5 of the Dungeon)

   It inflicts extra damage upon your enemies.
   Int:       It affects your intelligence (+7).
   Dex:       It affects your dexterity (+3).
   MP:        It affects your magic capacity (-9).
   SInv:      It lets you see invisible.
 r - a +2 short sword of electrocution
   (You took it off a kobold on level 8 of the Dungeon)
 u - a +0 whip of electrocution
   (You took it off an orc on level 6 of the Dungeon)
 x - a +4 flail of freezing
   (You took it off a wight on level 6 of the Dungeon)
 y - a +2 long sword of freezing
   (You took it off a wight on level 6 of the Dungeon)
 A - a +4 dagger
   (You found it on level 7 of the Dungeon)
Missiles
 l - 8 javelins
 s - 258 stones
 t - 12 poisoned darts
Armour
 c - a +0 buckler (worn)
 d - a +0 tower shield
   (You found it on level 1 of the Dungeon)
 f - an orb of wrath
   (You found it on level 3 of the Dungeon)
 g - a +0 robe of fire resistance
   (You found it on level 3 of the Dungeon)
 h - a +0 chain mail
   (You took it off an orc on level 4 of the Dungeon)
 j - a +1 pair of boots (worn)
   (You found it on level 4 of the Dungeon)
 m - the +0 robe "Ixeje" {Stlth+}
   (You found it on level 7 of the Dungeon)

   Stlth:     It makes you more stealthy.
 n - a +0 helmet (worn)
   (You found it on level 5 of the Dungeon)
 z - a +0 scale mail (worn)
Jewellery
 p - the ring "Muxko" (right hand) {rN+ SInv}
   (You found it on level 6 of the Dungeon)

   [ring of positive energy]

   rN:        It protects you from negative energy.
   SInv:      It lets you see invisible.
 I - a +6 ring of intelligence (left hand)
   (You found it on level 5 of the Dungeon)
Wands
 q - a wand of flame (16)
   (You took it off a hobgoblin on level 5 of the Dungeon)
Scrolls
 k - a scroll of fog
 D - a scroll of blinking {!r}
 E - a scroll of fear
 O - 2 scrolls of silence
 S - a scroll of summoning
 X - a scroll of magic mapping {@r4!r}
 Y - 6 scrolls of teleportation {@r3}
Potions
 e - 2 potions of attraction {!q}
 v - a potion of invisibility {unknown}
 B - a potion of brilliance
 G - a potion of ambrosia {!q}
 J - 4 potions of curing {@q1}
 L - 3 potions of flight
 N - 4 potions of heal wounds {@q2}
 T - a potion of berserk rage {!q}


   Skills:
 - Level 3.0 Fighting
 * Level 11.7 Long Blades
 - Level 3.0 Armour
 - Level 8.6 Shields


You had 9 spell levels left.
You didn't know any spells.
Your spell library contained the following spells:

 Spells                   Type           Power      Damage    Failure   Level
 Apportation              Tloc           0%         N/A       65%         1
 Fulminant Prism          Conj/Hex       0%         3d6       100%        4
 Iskenderun's Mystic Bla  Conj/Tloc      0%         2d3       100%        4
 Alistair's Intoxication  Tmut/Pois      0%         N/A       100%        5
 Lee's Rapid Deconstruct  Erth           0%         3d5*      100%        5


Dungeon Overview and Level Annotations

Branches:
Dungeon (8/15)             Temple (1/1) D:5         Ossuary (visited)
   Lair: D:8-11

Altars:
Ashenzari
Cheibriados
Dithmenos
Elyvilon
Fedhas
Gozag
Hepliaklqana
Kikubaaqudgha
Makhleb
Nemelex Xobeh
Okawaru
Qazlal
Ru
Sif Muna
Trog
Uskayaw
Vehumet
Wu Jian
Xom
Yredelemnul
Zin
The Shining One

Shops:
D:1 !

Annotations:
D:2 1 runed translucent door, Crazy Yiuf
D:8 Maurice


Message History

You take 1 damage, and have 62/70 hp.
You hit the kobold. You burn the kobold.
You kill the kobold!
You feel sick.
You are no longer poisoned.
You take 1 damage, and have 61/70 hp.
A kobold comes into view.
It is wielding a +2 short sword of electrocution.
Items here: $ ( )).
You closely miss the kobold.
The kobold shouts!
You block the kobold's attack.
You closely miss the kobold.
The kobold is distracted by your dazzling golden aura. x2
You closely miss the kobold.
The kobold is no longer distracted by gold.
The kobold shouts! x2
You slash the kobold! You burn the kobold.
You kill the kobold!
Things that are here:
8 gold pieces; a +0 short sword; a stone You barely miss the kobold.
The kobold is no longer distracted by gold.
The kobold hits you with a +2 short sword of electrocution.
You take 2 damage, and have 60/70 hp.
You hit the kobold. You burn the kobold.
You kill the kobold!
No target in view!
No target in view!
You now have 797 gold pieces (gained 3).
s - 250 stones (gained 1)
You see here a +2 short sword of electrocution.
r - a +2 short sword of electrocution You now have enough gold to fund merchants seeking to open stores in the dungeon.
You now have 805 gold pieces (gained 8).
s - 251 stones (gained 1)
You see here a +0 short sword.
You now have 809 gold pieces (gained 4).
s - 253 stones (gained 2)
Things that are here:
a +0 dagger; a +0 arbalest You now have 854 gold pieces (gained 45).
s - 258 stones (gained 5);
t - 12 poisoned darts
Items here: )))).
You now have 873 gold pieces (gained 19).
You start resting.
Health restored: 70 You have 873 gold pieces.
Search for what [? for help]? shop A howler monkey comes into view.
The howler monkey howls!
The howler monkey barely misses you.
You slash the howler monkey! You burn the howler monkey.
The howler monkey closely misses you.
You completely miss the howler monkey.
The howler monkey hoots and howls with incredible vigour!
You hear a shout!
You closely miss the howler monkey. The howler monkey hits you.
You take 3 damage, and have 67/70 hp.
You barely miss the howler monkey. The howler monkey hits you.
You take 4 damage, and have 63/70 hp.
You barely miss the howler monkey. The howler monkey hits you.
You take 5 damage, and have 58/70 hp.
You closely miss the howler monkey. The howler monkey closely misses you.
You slash the howler monkey! You burn the howler monkey.
You kill the howler monkey!
No target in view!
You now have 880 gold pieces (gained 7).
Okay, then.
Okay, then.
Maurice the Thief comes into view.
He is wielding a +0 short sword and carrying a wand of acid (9).
Okay, then.
You feel yourself speed up.
Maurice zaps a wand.
The bolt of acid hits you!!
Ouch! That really hurt!
The acid corrodes you!
You take 34 damage, and have 26/70 hp.
MASSIVE DAMAGE!!
You hit Maurice. You burn Maurice.
Maurice zaps a wand.
The bolt of acid hits you!
* * * LOW HITPOINT WARNING * * *
The acid corrodes you!
You take 16 damage, and have 10/70 hp.
MASSIVE DAMAGE!!
You feel much better.
Maurice zaps a wand.
The bolt of acid hits you! The acid corrodes you!
You regained 19 hp, and now have 29/70 hp.
Unknown command.
You closely miss Maurice. You closely miss Maurice.
You hit Maurice but do no damage. You block Maurice's attack.
You hit Maurice. You burn Maurice. You miss Maurice.
Maurice zaps a wand.
The bolt of acid hits you!!!
Ouch! That really hurt!
You die...
Your body crumbles into a pile of gold.

.# .# .. .# ## .# #
#. .# # #.######@#
## #.#....@.#
.#########.#.######
........##.#......#
.######.##.#..###.#
## #.##....# #.# #
#.####..###.# # #.#
#......# # #.#
#.##.###
#######.####.##.#


You could see Maurice.

Vanquished Creatures
  6 yaks
  An acid dragon (D:8)
  A water moccasin (D:7)
  An orc warrior (D:7)
  2 ice beasts
  A sky beast (D:6)
  3 ogres
  A kobold brigand (D:8)
  2 phantoms (D:5)
  2 necrophages
  A scorpion (D:5)
  5 bullfrogs
  5 wights (D:6)
  A killer bee (D:7)
  A howler monkey (D:8)
  5 centaur zombies (Ossuary)
  2 human zombies (Ossuary)
  A hound (D:6)
  4 orc wizards
  4 iguanas
  4 hound zombies
  3 mummies (Ossuary)
  5 adders
  4 gnolls
  A shadow imp (D:5)
  A white imp (D:5)
  An ufetubus (D:6)
  2 adder zombies (Ossuary)
  A worm (D:2)
  3 dart slugs
  11 orcs
  5 ball pythons
  9 endoplasms
  2 giant cockroaches
  13 goblins
  14 hobgoblins
  5 quokkas
  A ball python zombie (D:3)
  4 bats
  5 frilled lizards
  A gnoll zombie (Ossuary)
  3 goblin zombies (Ossuary)
  3 hobgoblin zombies (Ossuary)
  3 jackal zombies (Ossuary)
  9 kobolds
  2 kobold zombies (Ossuary)
  An orc zombie (Ossuary)
  2 quokka zombies (Ossuary)
  8 rats
  6 rat zombies (Ossuary)
181 creatures vanquished.

Notes
Turn   | Place    | Note
-------+----------+-------------------------------------------
     0 | D:1      | sokol815 the Human Fighter began the quest for the Orb.
     0 | D:1      | Reached XP level 1. HP: 18/18 MP: 1/1
   224 | D:1      | Reached XP level 2. HP: 24/24 MP: 2/2
   551 | D:1      | Reached XP level 3. HP: 29/29 MP: 3/3
   767 | D:1      | Found Hethohow's Distillery.
   858 | D:1      | Reached skill level 3 in Long Blades
  1182 | D:1      | Reached XP level 4. HP: 26/35 MP: 4/4
  1305 | D:2      | Reached skill level 4 in Shields
  1557 | D:2      | Found a runed translucent door.
  1558 | D:2      | Noticed Crazy Yiuf
  2406 | D:3      | Noticed an ogre
  2415 | D:3      | Killed an ogre
  2416 | D:3      | Reached skill level 4 in Long Blades
  2416 | D:3      | Reached XP level 5. HP: 30/41 MP: 5/5
  2430 | D:3      | Reached XP level 6. HP: 36/47 MP: 6/6
  2434 | D:3      | Found a basalt altar of Yredelemnul.
  3008 | D:3      | Reached skill level 5 in Shields
  3380 | D:4      | Found a sand-covered staircase.
  3394 | Ossuary  | Entered an ossuary
  3551 | Ossuary  | Reached skill level 5 in Long Blades
  3551 | Ossuary  | Reached XP level 7. HP: 49/52 MP: 7/7
  3726 | Ossuary  | Reached skill level 6 in Shields
  4979 | D:5      | Entered Level 5 of the Dungeon
  4987 | D:5      | Found a staircase to the Ecumenical Temple.
  4994 | Temple   | Entered the Ecumenical Temple
  5272 | Temple   | Became a worshipper of Gozag Ym Sagoz the Greedy
  5497 | D:5      | Found a radiant altar of Vehumet.
  5801 | D:4      | Reached skill level 6 in Long Blades
  5994 | D:5      | Identified the +4 short sword "Obiw" {vorpal, MP-9 Int+7
                  | Dex+3 SInv}
  6007 | D:5      | Reached XP level 8. HP: 56/58 MP: 8/8
  6155 | D:5      | Reached skill level 7 in Shields
  6616 | D:6      | Identified the ring "Muxko" {rN+ SInv}
  6639 | D:6      | Reached skill level 7 in Long Blades
  7343 | D:6      | Reached skill level 8 in Shields
  7343 | D:6      | Reached XP level 9. HP: 46/63 MP: 9/9
  7384 | D:6      | Reached skill level 8 in Long Blades
  8035 | D:5      | Reached skill level 9 in Long Blades
  8417 | D:5      | HP: 5/63 [yak (14)]
  8924 | D:5      | Reached skill level 10 in Long Blades
  9231 | D:7      | Reached XP level 10. HP: 70/70 MP: 10/10
  9289 | D:7      | Identified the +0 robe "Ixeje" {Stlth+}
  9307 | D:7      | Found a burning altar of Makhleb.
  9308 | D:7      | Found a blossoming altar of Fedhas.
  9470 | D:7      | Reached skill level 11 in Long Blades
 10591 | D:8      | Noticed Maurice
 10594 | D:8      | HP: 10/70 [Maurice/bolt of acid (16)]
 10600 | D:8      | Killed from afar by Maurice

Illustrated notes

Levels and vault maps discovered:
D:1:      dpeg_cavernosity, layout_basic, serial_shops, shop, minmay_tromino_v7
D:2:      layout_basic, kennysheep_generic_room_11, uniq_crazy_yiuf_cottage
D:3:      layout_loops_ring, lemuel_zombie_altar_yredelemnul
D:4:      layout_layer_cave, nicolae_ossuary_entry_monument
D:5:      layout_cave_pods, vehumet_altar_wand_db,
          minmay_temple_entry_statues_fountains
D:6:      layout_gridville
D:7:      layout_basic, chequers_temple_overflow_statue_of_worship,
          serial_corexii_hall, chequers_hall_statues_wall_a,
          corexii_hall_statues_l
D:8:      layout_loops_ring, serial_rivers, chequers_serial_rivers_small_a,
          chequers_serial_rivers_small_3, chequers_serial_rivers_room_b,
          chequers_serial_rivers_small_b, uniq_maurice
Temple:   dpeg_five_rooms_temple

Skill      XL: |  1  2  3  4  5  6  7  8  9 10 |
---------------+-------------------------------+-----
Long Blades    | 3 4 5 6 7 10 11 | 11.7
Shields        | 4 5 6 8 |  8.6
Fighting       | |  3.0
Armour         | |  3.0

Action                   |  1- 3 |  4- 6 |  7- 9 | 10-12 || total
-------------------------+-------+-------+-------+-------++-------
Melee: Long sword        |   110 |   165 |   260 |       ||   535
       Scimitar          |       |       |    61 |    77 ||   138
Throw: Stone             |    52 |    57 |    26 |    15 ||   150
Evoke: Wand              |       |       |     5 |       ||     5
  Use: Scroll            |       |    16 |     6 |     6 ||    28
       Potion            |       |     1 |     2 |     3 ||     6
 Stab: Distracted        |       |       |       |     1 ||     1
Armor: Scale mail        |    47 |    70 |   109 |    19 ||   245
Dodge: Dodged            |    29 |    66 |   105 |    22 ||   222
Block: Tower shield      |    22 |       |       |       ||    22
       Buckler           |    17 |    49 |    74 |     9 ||   149

Table legend: (Time is in decaauts)
 A = Elapsed time spent in this place.
 B = Non-inter-level travel time spent in this place.
 C = Inter-level travel time spent in this place.
 D = Time resting spent in this place.
 E = Time spent auto-exploring this place.
 F = Levels seen in this place.
 G = Mean time per level.
                   A        B        C        D        E       F      G
               +--------+--------+--------+--------+--------+-----+--------+
         Total |  10720 |  10245 |    475 |   2165 |   6035 |  10 | 1072.0 |
       Dungeon |   9577 |   9189 |    388 |   1901 |   5470 |   8 | 1197.1 |
        Temple |    330 |    243 |     87 |      0 |    232 |   1 |  330.0 |
       Ossuary |    811 |    811 |      0 |    264 |    333 |   1 |  811.0 |
               +--------+--------+--------+--------+--------+-----+--------+

Top non-repeatable levels by time:
     D:5: 2137 daAuts
     D:6: 1893 daAuts
     D:1: 1303 daAuts
     D:2: 1040 daAuts
     D:4: 1007 daAuts
     D:7: 982 daAuts
     D:3: 958 daAuts
 Ossuary: 811 daAuts
  Temple: 330 daAuts
     D:8: 254 daAuts

Table legend:
 A = Kills in this place as a percentage of kills in entire the game.
 B = Kills by you in this place as a percentage of kills by you in the entire game.
 C = Kills by friends in this place as a percentage of kills by friends in the entire game.
 D = Other kills in this place as a percentage of other kills in the entire game.
 E = Experience gained in this place as a percentage of experience gained in the entire game.
 F = Experience gained in this place divided by the number of levels of this place that you have seen.
                   A       B       C       D       E      F
               +-------+-------+-------+-------+-------+----------------------
         Total | 100.0 | 100.0 |   N/A |   N/A | 100.0 | 501.5
       Dungeon |  80.1 |  80.1 |   N/A |   N/A |  90.7 | 568.5
       Ossuary |  19.9 |  19.9 |   N/A |   N/A |   9.3 | 467.0
               +-------+-------+-------+-------+-------+----------------------
